cohdb
Replays
Latest Replays
All Replays
Popular Replays
Top Player Replays
Match Explorer
How It Works
Community
CoH3 Stats
Reddit
Sign in to upload your games and track your stats! →
Sign in with Steam
Match 42643582
Unlisted
Match 42643582
Overview
Messages
Build Orders
End
Royal Engineer Section
Vickers Machine Gun Team
Construct Section Command Post
Infantry Section
Selects Canadian Shock Battlegroup
Selects Attacking Spirit
Selects Canadian Shock Section
Infantry Section
Construct Platoon Command Post
Humber Armored Car
Selects Incendiary Munitions
Canadian Shock Section
Infantry Training
Selects Pyrotechnics
Construct Field Infirmary
Dildo Inspector
喊乌拉的德棍123
B1t
SkyCurv
0
0
Comments
sign in to comment!
No comments posted yet!